 Dungeon Crawl Stone Soup version 0.28-a0-687-gb91baff9cc (webtiles) character file.

Game seed: 13719498623028464018

1922 cheechan the Chopper (level 8, -3/62 HPs)
             Began as a Demonspawn Chaos Knight on Oct 19, 2021.
             Was an Initiate of Gozag.
             Slain by a red devil (5 damage)
             ... summoned by Xom
             ... on level 6 of the Dungeon.
             The game lasted 00:22:46 (6901 turns).

cheechan the Chopper (Demonspawn Chaos Knight)      Turns: 6901, Time: 00:22:47

Health: -3/62      AC: 14    Str: 14    XL:     8   Next: 96%
Magic:  8/8        EV: 10    Int: 13    God:    Gozag
Gold:   166        SH:  7    Dex: 12    Spells: 6/7 levels left

rFire   + . .      SeeInvis .   a - +1 hand axe (chaos)
rCold   + . .      Faith    .   u - -2 buckler of Intuition {+Inv}
rNeg    + . .      Spirit   .   h - +1 scale mail {rN+}
rPois   .          Reflect  +   (no helmet)
rElec   +          Harm     .   l - +1 cloak
rCorr   .          Rampage  .   (no gloves)
Will    .....                   (no boots)
Stlth   +.........              i - amulet of reflection
HPRegen 0.20/turn               s - ring of wizardry
MPRegen 0.11/turn               v - ring of protection from fire

@: mighty, about to teleport, spiked, very slow
A: claws 1, icy blue scales 3, thin skeletal structure 1, clumsy 2, screaming 1,
electricity resistance, MP-powered wands
a: Renounce Religion, Evoke Invisibility, Potion Petition, Call Merchant, Bribe
Branch


You were on level 6 of the Dungeon.
You worshipped Gozag.
Gozag was aware of your devotion.
You visited 2 branches of the dungeon, and saw 7 of its levels.

You collected 585 gold pieces.
You paid 419 gold pieces to Gozag.

Inventory:

Hand Weapons
 a - a +1 hand axe of chaos (weapon)
 f - a +2 quarterstaff of chaos
 n - a +0 hunting sling
 w - a +0 battleaxe
Missiles
 d - 10 poisoned darts
 e - 170 stones
 j - 89 arrows
 k - 12 bolts
 q - 35 sling bullets
 y - 5 javelins
Armour
 b - a +2 leather armour
 g - a +0 buckler
 h - a +1 scale mail of positive energy (worn)
 l - a +1 cloak (worn)
 u - the -2 buckler of Intuition (worn) {+Inv}
   (You found it on level 6 of the Dungeon)

   +Inv:      It lets you turn invisible.
Magical Staves
 t - a staff of poison
Jewellery
 i - an amulet of reflection (around neck)
 o - an amulet of guardian spirit
 p - an amulet of the acrobat
 s - a ring of wizardry (left claw)
 v - a ring of protection from fire (right claw)
Wands
 c - a wand of flame (28) (quivered)
 m - a wand of iceblast (12)
Scrolls
 x - a scroll of enchant weapon
 z - a scroll of noise {unknown}


   Skills:
 + Level 5.2 Fighting
 + Level 6.9 Axes
 + Level 5.5 Armour
 + Level 3.1 Dodging
 + Level 2.0 Stealth
 + Level 3.5 Shields
 + Level 0.5 Evocations


You had 6 spell levels left.
You knew the following spells:

 Your Spells              Type           Power      Damage    Failure   Level
a - Beastly Appendage     Tmut           0%         N/A       43%         1

Your spell library contained the following spells:

 Spells                   Type           Power      Damage    Failure   Level
 Ensorcelled Hibernation  Hex/Ice        0%         N/A       56%         2
 Static Discharge         Conj/Air       0%         N/A       56%         2
 Wereblood                Tmut           0%         N/A       56%         2
 Spider Form              Tmut/Pois      0%         N/A       80%         3
 Dispel Undead            Necr           0%         3d6       99%         4
 Sticky Flame             Conj/Fire      0%         2d3       99%         4
 Manifold Assault         Tloc           0%         N/A       100%        5
 Conjure Ball Lightning   Conj/Air       0%         3x3d6     100%        6


Dungeon Overview and Level Annotations

Branches:
Dungeon (6/15)             Temple (1/1) D:4

Altars:
Ashenzari
Cheibriados
Dithmenos
Elyvilon
Gozag
Hepliaklqana
Kikubaaqudgha
Makhleb
Nemelex Xobeh
Okawaru
Qazlal
Ru
Sif Muna
Uskayaw
Vehumet
Wu Jian
Xom
Yredelemnul
Zin
The Shining One

Portals:
Sewer: D:6


Innate Abilities, Weirdness & Mutations

You have sharp fingernails.
You are completely covered in icy blue scales. (AC +4, rC+)
You have a somewhat thin skeletal structure. (Dex +2, Stealth+)
You are very clumsy. (Dex -4)
You occasionally shout uncontrollably at your foes.
You are resistant to electric shocks. (rElec)
You expend magic power (3 MP) to strengthen your wands.


Message History

The puff of frost misses you.
The puff of frost hits the white imp.
The white imp completely resists.
The quasit splashes around in the water.
The quasit barely misses you.
The quasit claws you but does no damage.
Okay, then.
You closely miss the crimson imp. You closely miss the white imp.
You miss the quasit. You hit the iron imp.
The iron imp flickers and vanishes!
Deactivating autopickup; reactivate with Ctrl-A.
You barely miss the chaos spawn. You hit the white imp.
The white imp seems to grow stronger.
You closely miss the iron imp. You closely miss the ufetubus.
The ufetubus splashes around in the water.
The ufetubus hits you but does no damage.
The quasit splashes around in the water.
You block the quasit's attack.
The quasit claws you but does no damage.
The chaos spawn gores you!
You feel mightier all of a sudden.
The red devil hits you from afar with a +0 trident!
* * * LOW HITPOINT WARNING * * *
Barbed spikes become lodged in your body.
You block the orange demon's attack.
The crimson imp blinks!
The crimson imp disappears for a moment.
The crimson imp blinks!
The white imp gestures at you. The puff of frost hits you. You resist.
* * * LOW HITPOINT WARNING * * *
The iron imp splashes around in the water.
The ufetubus hits you but does no damage.
The ufetubus hits you.
* * * LOW HITPOINT WARNING * * *
The quasit bites you but does no damage.
The quasit barely misses you.
The quasit claws you but does no damage.
As you read the scroll of teleportation, it crumbles to dust.
You feel strangely unstable. You block the white imp's attack.
The red devil hits you from afar with a +0 trident.
You die...
Your body crumbles into a pile of gold.

#.......#######.#
######.##.##.##...##.#
#......##.....#.> #...
#.#..#.#####.##.. ####
#............##.
#............##.
#....§≈5......#
#..5555≈≈..##..
#...4@§≈≈..# .$
#..4{55≈≈..#
#...455≈...#
#..........#
#..........#
#....####### #####


You could see an orange demon (summoned), a chaos spawn (summoned), a red devil
(summoned), an iron imp (summoned), a quasit (summoned), 2 crimson imps, 2 white
imps, a shadow imp (summoned) and 2 ufetubi.

Vanquished Creatures
  Grinder (D:5)
  Prince Ribbit (D:6)
  Eustachio (D:5)
  3 black bears
  A tengu (D:6)
  2 ogres
  2 necrophages (D:5)
  3 scorpions
  Blork the orc (D:5)
  A water moccasin skeleton (D:6)
  A hound (D:5)
  A jelly (D:4)
  Ijyb (D:5)
  Crazy Yiuf (D:2)
  2 bullfrog skeletons
  An orc wizard (D:3)
  An iguana (D:6)
  A killer bee zombie (D:6)
  A hound skeleton (D:5)
  4 adders
  2 river rats (D:6)
  2 ufetubi (D:5)
  5 worms
  6 dart slugs
  8 orcs
  6 ball pythons
  4 bats
  7 endoplasms
  6 giant cockroaches
  8 goblins
  3 hobgoblins
  7 jackals
  5 kobolds
  8 quokkas
  4 frilled lizards
  A quokka skeleton (D:4)
  3 rats
115 creatures vanquished.

Vanquished Creatures (others)
  A white imp (D:5)
  6 plants (D:5)
7 creatures vanquished.

Grand Total: 122 creatures vanquished

Notes
Turn   | Place    | Note
-------+----------+-------------------------------------------
     0 | D:1      | cheechan the Demonspawn Chaos Knight began the quest for
                  | the Orb.
     0 | D:1      | Reached XP level 1. HP: 18/18 MP: 1/1
    43 | D:1      | Reached skill level 1 in Dodging
    43 | D:1      | Gained mutation: You have sharp fingernails. [demonic
                  | ancestry]
    43 | D:1      | Reached XP level 2. HP: 16/24 MP: 2/2
    64 | D:1      | Reached skill level 3 in Axes
   151 | D:1      | XOM: silly message
   246 | D:1      | XOM: silly message
   446 | D:1      | XOM: silly message
   486 | D:1      | Reached XP level 3. HP: 25/29 MP: 3/3
   631 | D:1      | Got Ashra's Compendium of Weightlessness and the Voyage
   912 | D:1      | XOM: god gift: 28 stones
  1109 | D:1      | XOM: divination: detect creatures
  1232 | D:1      | Found a faded altar of an unknown god.
  1545 | D:2      | XOM: give mutations
  1545 | D:2      | Gained mutation: You occasionally shout uncontrollably at
                  | your foes. [Xom's mischief]
  1545 | D:2      | Gained mutation: You are frail. (-10% HP) [Xom's mischief]
  1675 | D:2      | Noticed a black bear
  1682 | D:2      | XOM: swap monsters
  1687 | D:2      | XOM: enchant monster (bad)
  1691 | D:2      | XOM: enchant monster (bad)
  1696 | D:2      | XOM: polymorph hobgoblin -> endoplasm
  1839 | D:2      | XOM: polymorph endoplasm -> frilled lizard
  1845 | D:2      | Killed a black bear
  1846 | D:2      | Reached XP level 4. HP: 18/33 MP: 4/4
  1846 | D:2      | Reached XP level 5. HP: 20/37 MP: 5/5
  2073 | D:2      | XOM: silly message
  2179 | D:2      | Lost mutation: You are frail. (-10% HP) [potion of
                  | mutation]
  2179 | D:2      | Lost mutation: You occasionally shout uncontrollably at
                  | your foes. [potion of mutation]
  2179 | D:2      | Gained mutation: Your spells are a little harder to cast,
                  | but a little more powerful. [potion of mutation]
  2179 | D:2      | Gained mutation: You expend magic power (3 MP) to
                  | strengthen your wands. [potion of mutation]
  2227 | D:2      | Found a runed translucent door.
  2228 | D:2      | Noticed Crazy Yiuf
  2232 | D:2      | XOM: cleaving
  2237 | D:2      | Killed Crazy Yiuf
  2238 | D:2      | Reached skill level 4 in Axes
  2238 | D:2      | Reached skill level 1 in Shields
  2362 | D:2      | XOM: give mutations
  2362 | D:2      | Gained mutation: You are clumsy. (Dex -2) [Xom's mischief]
  2362 | D:2      | Lost mutation: Your spells are a little harder to cast, but
                  | a little more powerful. [Xom's mischief]
  2786 | D:3      | XOM: give mutations
  2786 | D:3      | Gained mutation: You are frail. (-10% HP) [Xom's mischief]
  2786 | D:3      | Gained mutation: You are weak. (Str -2) [Xom's mischief]
  2786 | D:3      | Gained mutation: You are very weak. (Str -4) [Xom's
                  | mischief]
  2786 | D:3      | Lost mutation: You are frail. (-10% HP) [Xom's mischief]
  3161 | D:3      | Found a shadowy altar of Dithmenos.
  3256 | D:4      | Gained mutation: You are partially covered in icy blue
                  | scales. (AC +2) [demonic ancestry]
  3256 | D:4      | Reached XP level 6. HP: 12/49 MP: 6/6
  3450 | D:4      | XOM: stat loss: -1 Str (8/9)
  3601 | D:4      | Found a staircase to the Ecumenical Temple.
  3626 | Temple   | XOM: noise
  3626 | Temple   | Entered the Ecumenical Temple
  3702 | Temple   | XOM: summons 1 hostile demon
  3848 | Temple   | Fell from the grace of Xom
  3848 | Temple   | Became a worshipper of Gozag Ym Sagoz the Greedy
  4192 | D:4      | Lost mutation: You are very weak. (Str -4) [potion of
                  | mutation]
  4192 | D:4      | Lost mutation: You are weak. (Str -2) [potion of mutation]
  4192 | D:4      | Gained mutation: You are very clumsy. (Dex -4) [potion of
                  | mutation]
  4192 | D:4      | Gained mutation: You are frail. (-10% HP) [potion of
                  | mutation]
  4192 | D:4      | Gained mutation: You are resistant to electric shocks.
                  | (rElec) [potion of mutation]
  4486 | D:4      | Found a shimmering blue altar of Sif Muna.
  4690 | D:5      | Entered Level 5 of the Dungeon
  4705 | D:5      | XOM: summons 1 hostile demon
  4715 | D:5      | XOM: give mutation
  4715 | D:5      | Gained mutation: You have a somewhat thin skeletal
                  | structure. (Dex +2, Stealth+) [Xom's mischief]
  5057 | D:5      | XOM: give mutations
  5057 | D:5      | Gained mutation: You occasionally shout uncontrollably at
                  | your foes. [Xom's mischief]
  5057 | D:5      | Lost mutation: You are frail. (-10% HP) [Xom's mischief]
  5079 | D:5      | Noticed Blork the orc
  5091 | D:5      | Killed Blork the orc
  5092 | D:5      | Gained mutation: You are mostly covered in icy blue scales.
                  | (AC +3) [demonic ancestry]
  5092 | D:5      | Reached XP level 7. HP: 23/55 MP: 7/7
  5190 | D:5      | XOM: 1-stop teleportation journey
  5202 | D:5      | Reached skill level 5 in Axes
  5254 | D:5      | Reached skill level 1 in Stealth
  5257 | D:5      | Noticed Grinder
  5267 | D:5      | Paralysed by Grinder for 2 turns
  5288 | D:5      | Paralysed by Grinder for 6 turns
  5308 | D:5      | Paralysed by Grinder for 2 turns
  5330 | D:5      | Killed Grinder
  5960 | D:5      | Gained mutation: You are completely covered in icy blue
                  | scales. (AC +4, rC+) [demonic ancestry]
  5960 | D:5      | Reached XP level 8. HP: 57/61 MP: 8/8
  6024 | D:5      | Learned a level 1 spell: Beastly Appendage
  6036 | D:5      | Noticed Ijyb
  6074 | D:5      | Killed Ijyb
  6244 | D:5      | Noticed Eustachio
  6278 | D:5      | Killed Eustachio
  6279 | D:5      | Reached skill level 6 in Axes
  6473 | D:6      | Identified the -2 buckler of Intuition {+Inv}
  6494 | D:6      | Noticed Prince Ribbit
  6510 | D:6      | Killed Prince Ribbit
  6511 | D:6      | Reached skill level 5 in Armour
  6616 | D:6      | XOM: 1-stop teleportation journey
  6634 | D:6      | XOM: polymorph something unseen -> tengu
  6643 | D:6      | Reached skill level 5 in Fighting
  6718 | D:6      | Found a sparkling altar of Nemelex Xobeh.
  6853 | D:6      | Found a glowing drain.
  6895 | D:6      | XOM: summons 14 hostile demons
  6896 | D:6      | Noticed a red devil
  6896 | D:6      | Noticed an orange demon
  6900 | D:6      | HP: 2/62 [ufetubus[Xom] (2)]
  6901 | D:6      | Slain by a red devil

Illustrated notes

Levels and vault maps discovered:
D:1:      dpeg_arrival_shrine, layout_basic, shapermc_ecumenical_altar_petra,
          minmay_tromino_v4_b
D:2:      layout_basic, uniq_crazy_yiuf_cottage
D:3:      layout_loops_ring, grunt_dithmenos_smoke_and_mirrors
D:4:      layout_loops_cross, mainiacjoe_overflow_surrounded_room,
          minmay_temple_entry_waves
D:5:      layout_basic, mainiacjoe_overflow_small_starburst,
          nicolae_zen_rock_garden, minmay_misc_feat_more_columns,
          minmay_misc_feat_enclosed, uniq_ijyb, uniq_eustachio,
          uniq_blork_the_orc, uniq_grinder
D:6:      layout_loops_cross, mainiacjoe_overflow_concentric_impassable,
          nemelex_dance_club_becter, portal_sewer_entry_a, serial_shops,
          nicolae_take_the_stairs, small_statue_intersection,
          mrwooster_statue_mirror, uniq_prince_ribbit1
Temple:   regret_index_temple_generic_petals

Skill      XL: |  1  2  3  4  5  6  7  8 |
---------------+-------------------------+-----
Dodging        | 1 2 3 |  3.1
Axes           | 3 4 5 6 |  6.9
Armour         | 2 3 4 5 |  5.5
Fighting       | 4 5 |  5.2
Shields        | 1 2 3 |  3.5
Stealth        | 1 2 |  2.0
Evocations     | |  0.5

Action                   |  1- 3 |  4- 6 |  7- 9 || total
-------------------------+-------+-------+-------++-------
Melee: Hand axe          |   121 |   209 |   243 ||   573
Throw: Dart              |       |     1 |       ||     1
Invok: Potion Petition   |       |       |     1 ||     1
Evoke: Wand              |       |       |     6 ||     6
  Use: Scroll            |     4 |     5 |     3 ||    12
       Potion            |       |     3 |     3 ||     6
 Stab: Paralysed         |       |     1 |     2 ||     3
       Confused          |       |       |     1 ||     1
       Petrifying        |       |       |     1 ||     1
       Petrified         |       |       |     1 ||     1
       Sleeping          |       |       |     1 ||     1
Armor: Leather armour    |    37 |       |       ||    37
       Scale mail        |    23 |   113 |   130 ||   266
Dodge: Dodged            |    63 |    91 |    78 ||   232
Block: Buckler           |    15 |    99 |    88 ||   202
       Reflection        |       |       |     1 ||     1

Table legend: (Time is in decaauts)
 A = Elapsed time spent in this place.
 B = Non-inter-level travel time spent in this place.
 C = Inter-level travel time spent in this place.
 D = Time resting spent in this place.
 E = Time spent auto-exploring this place.
 F = Levels seen in this place.
 G = Mean time per level.
                   A        B        C        D        E       F      G
               +--------+--------+--------+--------+--------+-----+--------+
         Total |   6957 |   6957 |      0 |   2027 |      0 |   7 |  993.9 |
       Dungeon |   6672 |   6672 |      0 |   2027 |      0 |   6 | 1112.0 |
        Temple |    284 |    284 |      0 |      0 |      0 |   1 |  284.0 |
               +--------+--------+--------+--------+--------+-----+--------+

Top non-repeatable levels by time:
     D:5: 1793 daAuts
     D:1: 1658 daAuts
     D:4: 1177 daAuts
     D:2: 975 daAuts
     D:3: 648 daAuts
     D:6: 420 daAuts
  Temple: 284 daAuts
